 Dungeon Sprint DCSS version 0.21-a0-286-g6fcecc0 (webtiles) character file.

3651 potatolord6000 the Protected (level 10, -6/71 HPs)
             Began as a Gargoyle Fighter on Sept 27, 2017.
             Was the Champion of the Shining One.
             Mangled by a large slime creature (10 damage)
             ... in the Dungeon (Sprint VII: "The Pits").
             The game lasted 00:03:41 (810 turns).

potatolord6000 the Protected (Gargoyle Fighter)      Turns: 810, Time: 00:03:42

Health: -6/71      AC: 23    Str: 23    XL:     10   Next: 12%
Magic:  3/18       EV: 11    Int: 12    God:    the Shining One [******]
Gold:   0          SH: 22    Dex:  9    Spells: 9/9 levels left

rFire    . . .     SeeInvis .   a - +0 flail
rCold    . . .     Gourm    .   c - +0 shield
rNeg     + + +     Faith    .   r - +3 chain mail
rPois    ∞         Spirit   .   t - +0 helmet
rElec    +         Reflect  .   (no cloak)
rCorr    .         Harm     .   (no gloves)
MR       .....     NoTele   +   (no boots)
Stlth    ..........             (no amulet)
HPRegen  0.21/turn              b - +3 ring of evasion
MPRegen  0.16/turn              s - +3 ring of intelligence

@: divine shield, glowing
A: negative energy resistance 1, electricity resistance, unbreathing,
petrification resistance, rot immunity, AC +7
a: Divine Shield, Cleansing Flame, Summon Divine Warrior, Brand Weapon With Holy
Wrath, Renounce Religion


You were in the Dungeon.
You worshipped the Shining One.
The Shining One was exalted by your worship.
You were very hungry.

You visited 1 branch

Inventory:

Hand Weapons
 a - a +0 flail (weapon)
Armour
 c - a +0 shield (worn)
 r - a +3 chain mail (worn)
 t - a +0 helmet (worn)
Jewellery
 b - a +3 ring of evasion (left hand)
 s - a +3 ring of intelligence (right hand)
Scrolls
 k - a scroll of blinking
 m - 3 scrolls of remove curse
 n - 5 scrolls of amnesia
 o - a scroll of summoning
Potions
 d - 2 potions of might
 e - 9 potions of curing
 g - 6 potions of heal wounds
 h - a potion of haste
 i - 3 potions of magic
 j - 5 potions of berserk rage
 l - 2 potions of invisibility
Comestibles
 f - 8 bread rations
 p - 40 fruits
 q - 7 meat rations


   Skills:
 + Level 11.6 Fighting
 + Level 10.6 Maces & Flails
 + Level 11.8 Armour
 + Level 11.8 Shields
 + Level 11.1 Invocations


You had 9 spell levels left.
You didn't know any spells.

Dungeon Overview and Level Annotations

Branches:
Dungeon (1/1)

Altars:
Ashenzari
Cheibriados
Dithmenos
Elyvilon
Fedhas
Gozag
Hepliaklqana
Kikubaaqudgha
Makhleb
Nemelex Xobeh
Okawaru
Qazlal
Ru
Sif Muna
Trog
Uskayaw
Vehumet
Wu Jian
Xom
Yredelemnul
Zin
The Shining One
Beogh
Jiyva
Lugonu


Innate Abilities, Weirdness & Mutations

You are resistant to torment.
Your stone body is resilient. (AC +7)
You are immune to poison.
You resist negative energy. (rN+)
You are resistant to electric shocks. (rElec)
You can survive without breathing.
You are immune to petrification.
You are immune to rotting.


Message History

You hold your ground!
The elephant closely misses you. The large slime creature hits you!
The Shining One protects you from harm!
You hit the elephant.
The elephant is almost dead.
You feel yourself speed up.
The orc wizard hits you but does no damage.
The orange demon stings you but does no damage.
You block the orange demon's attack. You block the elephant's attack.
The elephant trunk-slaps you but does no damage.
The large slime creature hits you.
* * * LOW HITPOINT WARNING * * *
You block the orc warrior's attack.
You hit the elephant but do no damage.
The elephant is almost dead.
The orc wizard gestures wildly while chanting.
The orc wizard blinks!
You block the orange demon's attack. x2
The elephant tramples you but does no damage.
You block the elephant's attack. The large slime creature hits you!
You die...

...#..#......#
.............#
'#####''######
....##''# #######
....##..# .....
....##..# )..
<...##..#### #)#
....##..#..#####o##
....##..#.)..##Y@.#
....##..))....#JY4#
######..')....'.§Yoo
######..††)...#...#.J.
..[[##..#....##...#...#
..[.##..#..#####.## ..#
..))##..#### #+# ###
.!))##..# ..))##..#


You could see 3 elephants, a large slime creature, a slime creature, an orange
demon, an orc warrior, an orc priest and an orc.

Vanquished Creatures
  A sea snake (D)
  An orc knight (D)
  2 elephants (D)
  A demonic crawler (D)
  2 slime creatures (D)
  A bog body (D)
  A warg (D)
  A water moccasin (D)
  An ogre (D)
  A sky beast (D)
  A gnoll sergeant (D)
  A wight (D)
  A crimson imp (D)
  A jelly (D)
  An orc priest (D)
  An orc wizard (D)
  2 gnoll shamans (D)
  A worker ant (D)
  Ijyb (D)
  A mummy (D)
  10 gnolls (D)
  An adder (D)
  An adder zombie (D)
  A ball python (D)
  A giant cockroach (D)
  A goblin (D)
  2 hobgoblins (D)
  3 jackals (D)
  A frilled lizard (D)
  A rat (D)
45 creatures vanquished.

Vanquished Creatures (collateral kills)
  A flayed ghost (D)
  An ice devil (D)
  A quokka (D)
3 creatures vanquished.

Grand Total: 48 creatures vanquished

Notes
Turn   | Place    | Note
-------+----------+-------------------------------------------
     0 | D        | potatolord6000 the Gargoyle Fighter began the quest for the Orb.
     0 | D        | Reached XP level 1. HP: 14/14 MP: 1/1
    46 | D        | Found a bloodstained altar of Trog.
    46 | D        | Found a deep blue altar of Sif Muna.
    46 | D        | Found a viscous altar of Jiyva.
    46 | D        | Found a hazy altar of Hepliaklqana.
    46 | D        | Found an opulent altar of Gozag.
    47 | D        | Found a glowing golden altar of the Shining One.
    47 | D        | Found a glowing silver altar of Zin.
    47 | D        | Found a basalt altar of Yredelemnul.
    47 | D        | Found a shimmering altar of Xom.
    47 | D        | Found an ornate altar of the Wu Jian Council.
    47 | D        | Found a sacrificial altar of Ru.
    47 | D        | Found a stormy altar of Qazlal.
    47 | D        | Found an iron altar of Okawaru.
    47 | D        | Found a sparkling altar of Nemelex Xobeh.
    47 | D        | Found a burning altar of Makhleb.
    47 | D        | Found a blossoming altar of Fedhas.
    47 | D        | Found a white marble altar of Elyvilon.
    47 | D        | Found a shadowy altar of Dithmenos.
    47 | D        | Found a snail-covered altar of Cheibriados.
    49 | D        | Found a radiant altar of Vehumet.
    49 | D        | Found a corrupted altar of Lugonu.
    49 | D        | Found a roughly hewn altar of Beogh.
    51 | D        | Found an ancient bone altar of Kikubaaqudgha.
    51 | D        | Found a hide-covered altar of Uskayaw.
    51 | D        | Found a shattered altar of Ashenzari.
    56 | D        | Became a worshipper of the Shining One
    74 | D        | Reached * piety under the Shining One
    74 | D        | Reached skill level 1 in Invocations
    80 | D        | Reached XP level 2. HP: 20/20 MP: 2/2
   117 | D        | Reached ** piety under the Shining One
   117 | D        | Noticed a crimson imp
   122 | D        | Reached XP level 3. HP: 14/24 MP: 4/4
   131 | D        | Reached skill level 5 in Fighting
   131 | D        | Reached skill level 5 in Armour
   131 | D        | Reached skill level 5 in Shields
   131 | D        | Reached XP level 4. HP: 22/31 MP: 4/6
   212 | D        | Reached *** piety under the Shining One
   226 | D        | Noticed a warg
   237 | D        | Killed a warg
   237 | D        | Reached skill level 5 in Maces & Flails
   237 | D        | Reached skill level 5 in Invocations
   237 | D        | Reached XP level 5. HP: 28/37 MP: 6/8
   247 | D        | Noticed a sky beast
   259 | D        | Killed a sky beast
   259 | D        | Reached XP level 6. HP: 43/44 MP: 5/10
   305 | D        | Noticed Ijyb
   313 | D        | Killed Ijyb
   353 | D        | Reached **** piety under the Shining One
   456 | D        | Noticed a water moccasin
   456 | D        | Reached ***** piety under the Shining One
   467 | D        | Reached XP level 7. HP: 46/48 MP: 12/12
   581 | D        | Noticed a flayed ghost
   581 | D        | Noticed an ice devil
   586 | D        | Killed a flayed ghost
   586 | D        | Killed an ice devil
   586 | D        | Reached XP level 8. HP: 56/56 MP: 4/14
   700 | D        | Noticed a bog body
   700 | D        | Reached ****** piety under the Shining One
   708 | D        | Killed a bog body
   770 | D        | Noticed a sea snake
   774 | D        | Noticed a demonic crawler
   787 | D        | HP: 2/57 [orc priest/divine providence (9)]
   790 | D        | Killed a sea snake
   790 | D        | Reached skill level 10 in Fighting
   790 | D        | Reached skill level 10 in Armour
   790 | D        | Reached skill level 10 in Shields
   790 | D        | Reached XP level 9. HP: 48/62 MP: 14/16
   791 | D        | Noticed an elephant
   791 | D        | Noticed an elephant
   791 | D        | Noticed an elephant
   791 | D        | Noticed an elephant
   792 | D        | Killed a demonic crawler
   792 | D        | Reached skill level 10 in Invocations
   794 | D        | Noticed an elephant
   795 | D        | Noticed an orc knight
   800 | D        | Noticed an orange demon
   804 | D        | Killed an orc knight
   804 | D        | Reached skill level 10 in Maces & Flails
   804 | D        | Killed an elephant
   804 | D        | Reached XP level 10. HP: 36/70 MP: 7/18
   805 | D        | Killed an elephant
   808 | D        | The Shining One protects you from harm!
   810 | D        | Mangled by a large slime creature

Vault maps used:
D:        pitsprint

Skill      XL: |  1  2  3  4  5  6  7  8  9 10 |
---------------+-------------------------------+-----
Invocations    | 1 2 3 5 6 8 9 10 11 | 11.1
Fighting       | 4 5 6 7 9 10 11 | 11.6
Maces & Flails | 3 4 5 6 8 9 10 | 10.6
Armour         | 4 5 6 7 9 10 11 | 11.8
Shields        | 4 5 6 7 9 10 11 | 11.8

Action                   |  1- 3 |  4- 6 |  7- 9 | 10-12 || total
-------------------------+-------+-------+-------+-------++-------
Melee: Flail             |    35 |    59 |    43 |     5 ||   142
Invok: Divine Shield     |       |     1 |     1 |       ||     2
       Summon Divine War |       |       |     1 |       ||     1
       Cleansing Flame   |       |       |     6 |     1 ||     7
  Use: Potion            |       |       |     3 |       ||     3
Armor: Scale mail        |    29 |       |       |       ||    29
       Chain mail        |       |    19 |    53 |     8 ||    80
Dodge: Dodged            |     9 |    14 |    28 |     5 ||    56
Block: Shield            |    16 |    31 |    46 |    17 ||   110

Table legend:
 A = Spawn XP
 B = Non-spawn XP
 C = Spawn XP percentage of total XP
 D = Spawn monster count
 E = Non-spawn monster count
 F = Spawn count percentage of total count
 G = Total turns spent on level
                    A         B        C        D         E        F      G
               +---------+---------+-------+---------+---------+-------+---------
         Total |       0 |    5216 |   0.0 |       0 |      48 |   0.0 |   810
               +---------+---------+-------+---------+---------+-------+---------
             D |       0 |    5216 |   0.0 |       0 |      48 |   0.0 |   810
               +---------+---------+-------+---------+---------+-------+---------
